 Dungeon Crawl Stone Soup version 0.22-a0-812-g4c1e2d5471 (webtiles) character file.

143 Mirvelgyr the Shield-Bearer (level 5, -4/49 HPs)
             Began as a Deep Dwarf Fighter on July 23, 2018.
             Killed by nerve-wracking pain
             ... invoked by Grinder
              (10 damage)
             ... on level 3 of the Dungeon.
             The game lasted 00:05:32 (2055 turns).

Mirvelgyr the Shield-Bearer (Deep Dwarf Fighter)    Turns: 2055, Time: 00:05:32

Health: -4/49      AC: 11    Str: 20    XL:     5   Next: 4%
Magic:  4/4        EV:  3    Int:  9    God:
Gold:   127        SH:  9    Dex: 12    Spells: 4/4 levels left

rFire    . . .     SeeInvis .   a - +0 war axe
rCold    . . .     Gourm    .   c - +0 shield
rNeg     . . .     Faith    .   k - +0 plate armour (curse)
rPois    .         Spirit   .   (no helmet)
rElec    .         Reflect  .   (no cloak)
rCorr    .         Harm     .   (no gloves)
MR       .....                  (no boots)
Stlth    ..........             (no amulet)
HPRegen  0.00/turn              (no ring)
MPRegen  0.09/turn              (no ring)

@: non-regenerating
A: damage resistance, heal wounds, sense surroundings 1, no regeneration
a: Heal Wounds


You were on level 3 of the Dungeon.
You were not hungry.

You visited 1 branch of the dungeon, and saw 4 of its levels.

You collected 127 gold pieces.

Inventory:

Hand Weapons
 a - a +0 war axe (weapon)
Armour
 c - a +0 shield (worn)
 k - a cursed +0 plate armour (worn)
Jewellery
 e - a +1 ring of evasion {unknown}
 o - an uncursed ring of magical power {unknown}
Wands
 q - a wand of clouds (3)
Scrolls
 h - a scroll of random uselessness {unknown}
 i - 2 scrolls of fear {unknown}
 l - a scroll of teleportation {unknown}
 m - a scroll of immolation {unknown}
 n - a scroll of identify {unknown}
 p - 2 scrolls of magic mapping {unknown}
Potions
 b - a potion of brilliance {unknown}
 d - 2 potions of might
 j - a potion of haste {unknown}
Comestibles
 f - 6 rations


   Skills:
 + Level 3.3 Fighting
 * Level 4.0 Axes
 + Level 4.0 Armour
 + Level 4.1 Shields


You had 4 spell levels left.
You didn't know any spells.
Your spell library was empty.

Dungeon Overview and Level Annotations

Branches:
Dungeon (4/15)
 Temple: D:4-7

Altars:
Ashenzari
Gozag
Hepliaklqana
Zin

Annotations:
D:3 Grinder


Innate Abilities, Weirdness & Mutations

You are resistant to damage.
You can heal yourself by infusing magical energy.
You passively map a small area around you.
You do not regenerate.


Message History

Grinder is heavily wounded.
Grinder hits you but does no damage. You block Grinder's attack.
You slash Grinder!
Grinder is almost dead.
Grinder blinks!
Grinder gestures at you. Pain shoots through your body!
* * * LOW HITPOINT WARNING * * *
Grinder hits you but does no damage.
You completely miss Grinder.
Grinder is almost dead.
Grinder blinks!
Grinder hits you.
* * * LOW HITPOINT WARNING * * *
You writhe in agony.
* * * LOW HITPOINT WARNING * * *
Your plate armour prevents you from hitting Grinder.
Grinder is severely wounded.
Grinder gestures at you. Pain shoots through your body!
You die...

#####* #.............#
......* #########.#.####
, ...... #.....[...#.# ,
#......* #.#########.#
#......#####'###.......#
.#
##.####...........#######
.., .................#
.##.###.####...ยง.5.....#
................@......#
.........#####'#######.#
...............>.....#.#
###.##...###.#.#####.#.#
#................. #.#
#####################.#
#.. ................#
#.#######......########
,.(.............########


You could see Grinder.

Vanquished Creatures
  Jessica (D:2)
  5 adders
  An ooze (D:3)
  A worm (D:1)
  A dart slug (D:1)
  3 leopard geckos
  A giant cockroach (D:2)
  5 goblins
  5 hobgoblins
  10 jackals
  3 kobolds
  3 quokkas (D:2)
  A ball python (D:1)
  8 bats
  5 frilled lizards
  7 rats
60 creatures vanquished.

Notes
Turn   | Place    | Note
-------+----------+-------------------------------------------
     0 | D:1      | Mirvelgyr the Deep Dwarf Fighter began the quest for the Orb.
     0 | D:1      | Reached XP level 1. HP: 20/20 MP: 1/1
   182 | D:1      | Reached XP level 2. HP: 25/27 MP: 2/2
   792 | D:1      | Reached XP level 3. HP: 26/33 MP: 3/3
  1110 | D:2      | Found a shattered altar of Ashenzari.
  1116 | D:2      | Found an opulent altar of Gozag.
  1241 | D:2      | Noticed Jessica
  1271 | D:2      | Killed Jessica
  1271 | D:2      | Reached XP level 4. HP: 17/42 MP: 3/3
  1554 | D:2      | Found a hazy altar of Hepliaklqana.
  1562 | D:2      | Found a glowing silver altar of Zin.
  1989 | D:3      | Noticed Grinder
  2012 | D:4      | Reached XP level 5. HP: 13/49 MP: 4/4
  2030 | D:3      | Paralysed by Grinder for 4 turns
  2055 | D:3      | Killed from afar by Grinder

Vault maps used:
D:1:      evilmike_arrival_run_for_it, st_stairs_5
D:2:      nicolae_ashenzari_panopticon, overflow_temple_1_default, minitemple,
          serial_glass, glass_columns_c, glass_columns_a, glass_columns_a,
          glass_columns_a, uniq_jessica
D:3:      first_ration, serial_bayou_pond_e,
          nicolae_dithmenos_through_a_glass_darkly, uniq_grinder
D:4:      kennysheep_mini, lemuel_doored_altar

Skill      XL: |  1  2  3  4 |
---------------+-------------+-----
Axes           | 3 4 |  4.0
Fighting       | 3 |  3.3
Shields        | 4 |  4.1
Armour         | 4 |  4.0

Action                   |  1- 3 |  4- 6 || total
-------------------------+-------+-------++-------
Melee: War axe           |   133 |   100 ||   233
 Abil: Heal Wounds       |     1 |     1 ||     2
  Eat: Chunk             |     1 |     3 ||     4
Armor: Scale mail        |    28 |       ||    28
       Plate armour      |    85 |    72 ||   157
Dodge: Dodged            |    40 |    21 ||    61
Block: Shield            |    82 |    58 ||   140

Table legend:
 A = Spawn XP
 B = Non-spawn XP
 C = Spawn XP percentage of total XP
 D = Spawn monster count
 E = Non-spawn monster count
 F = Spawn count percentage of total count
 G = Total turns spent on level
                    A         B        C        D         E        F      G
               +---------+---------+-------+---------+---------+-------+---------
         Total |       0 |     205 |   0.0 |       0 |      60 |   0.0 |  2055
               +---------+---------+-------+---------+---------+-------+---------
           D:1 |       0 |      52 |   0.0 |       0 |      28 |   0.0 |  1087
           D:2 |       0 |     108 |   0.0 |       0 |      23 |   0.0 |   707
           D:3 |       0 |      31 |   0.0 |       0 |       8 |   0.0 |   242
           D:4 |       0 |      14 |   0.0 |       0 |       1 |   0.0 |    19
               +---------+---------+-------+---------+---------+-------+---------
